[Event "4NCL 2022-2023"]
[Site "Daventry"]
[Date "2023.03.18"]
[Round "7.27"]
[White "McClement, Andrew"]
[Black "Jones, Steven A"]
[Result "1-0"]
[ECO "B33"]
[WhiteElo "2210"]
[BlackElo "2143"]
[Annotator "TA"]
[PlyCount "67"]
[EventDate "2022.10.20"]
[EventType "team-tourn"]
[EventCountry "ENG"]
[SourceTitle "playchess.com"]
[Source "ChessBase"]
[SourceQuality "1"]
[TimeControl "40/6000+30:2400+30"]

1. e4 c5 2. Nf3 Nc6 3. d4 cxd4 4. Nxd4 Nf6 5. Nc3 e5 6. Ndb5 d6 7. Bg5 a6 8. Na3 b5 9. Nd5 Be7 10. Bxf6 Bxf6 11. c3 Ne7 12. Nxf6+ gxf6 13. Qf3 {[%emt 0:00:07] B33: Sicilian: Pelikan and Sveshnikov Variations.} f5 $1 14. exf5 d5 15. f6 {[%emt 0:07:59] White is slightly better.} Ng6 16. Rd1 {[%emt 0:02:34] White is more active.} Be6 {[%emt 0:02:35] [#]} 17. g3 $146 ({Predecessor:} 17. h4 e4 18. Qg3 Qxf6 19. Qd6 Ne7 20. Nc2 O-O 21. Ne3 Rfd8 22. Qg3+ Kh8 23. h5 {½-½ Sott,P (2155)-Kucera,T (2040) Klatovy op-A 2002}) 17... e4 {[%emt 0:03:13][%mdl 64] Deflection} 18. Qe3 Qxf6 19. Be2 ({Don't go for} 19. Nxb5 $2 axb5 20. Qc5 Ne7 21. Bxb5+ Kf8 $19) 19... O-O (19... b4 $5 20. Nc2 bxc3 21. bxc3 O-O $11) 20. Nc2 Ne5 21. O-O Bh3 22. Rfe1 Rad8 23. Nb4 Qe6 24. Qc5 Qf5 ({Black should try} 24... Bg4 $14) 25. Rxd5 (25. Nxd5 $142 {And now Ne7+ would win.} Kg7 26. Qb6) 25... Nf3+ $16 {[%emt 0:01:34] [#]} 26. Kh1 $1 (26. Bxf3 {leads to mate.} Qxf3 27. Rg5+ Kh8 28. Qe5+ f6) 26... Rxd5 27. Nxd5 {[%emt 0:00:12] Ne7+ would be deadly.} Kg7 28. Rd1 {[%emt 0:06:38] Qd6 is the strong threat.} Qh5 29. Qd4+ {[%emt 0:01:28][%mdl 64] Pin, Double Attack} f6 $2 {[%emt 0:07:22] This costs Black the game.} (29... Nxd4 $16 30. Bxh5 Ne6) 30. Qxe4 $18 Bg4 31. h4 {[%emt 0:01:13] Strongly threatening Ne3.} Re8 {[%emt 0:00:37] [#]} (31... Ne5 $142 32. Nf4 Qf5 33. Qxf5 Bxf5) 32. Qf4 $1 Rxe2 33. Qxf6+ Kg8 {[%emt 0:00:54][%cal Oh5d5] ( -> ...Qxd5!)} 34. Nf4 {[%emt 0:00:47] An entertaining game by McClement.   Weighted Error Value: White=0.07 (flawless) /Black=0.49} (34. Qxa6 {is a self mate.} Qxd5) 1-0

[Event "4NCL 2022-2023"]
[Site "Daventry"]
[Date "2023.03.18"]
[Round "7.28"]
[White "Macfarlane, Donald"]
[Black "Hill, Alistair"]
[Result "1-0"]
[ECO "A33"]
[WhiteElo "2145"]
[BlackElo "2173"]
[Annotator "TA"]
[PlyCount "55"]
[EventDate "2022.10.20"]
[EventType "team-tourn"]
[EventCountry "ENG"]
[SourceTitle "playchess.com"]
[Source "ChessBase"]
[SourceQuality "1"]
[TimeControl "40/6000+30:2400+30"]

1. c4 Nf6 2. Nf3 c5 3. d4 cxd4 4. Nxd4 e6 5. Nc3 d5 6. Nc2 Nc6 7. cxd5 exd5 {[%emt 0:00:12] A33: Symmetrical English: 2 Nf3 Nf6 3 d4 cxd4 4 Nxd4 e6 5 Nc3 Nc6.} 8. e3 Bc5 9. Be2 O-O {[%emt 0:13:00] The position is equal.} 10. O-O Bf5 11. Nb5 Rc8 12. Ncd4 {[%emt 0:11:49] [#]} Be4 $146 ({Predecessor:} 12... Bg6 13. h4 Qb6 14. h5 Be4 15. h6 g6 16. Nf3 Bxf3 17. gxf3 d4 18. e4 Rfd8 19. Bd3 Ne5 {0-1 Joseph,S (1815)-Nagley,T (1852) IECC TH-M email 1998}) 13. b3 Nxd4 14. Nxd4 Bd6 15. Bb2 Bb8 16. Rc1 Qd6 {[%emt 0:00:07][%csl Gb8][%cal Rd6h2] [#]} 17. g3 Qd7 18. f3 {[%emt 0:12:18] Rxc8 would be deadly.} Bg6 19. Bd3 a6 20. Qd2 Qh3 21. Rxc8 (21. Ne2 {seems wilder.} Nh5 22. Bb1 Rfe8 23. Bd4) 21... Rxc8 22. Rc1 (22. Ne2 {is more complex.} Re8 23. Rc1 Bh5 24. Bxf6 gxf6 25. Nd4) 22... Rxc1+ 23. Bxc1 Nd7 $2 {[%emt 0:00:06][%mdl 8192] [#] Loses the game.} (23... Bxd3 $11 {and Black is okay.} 24. Qxd3 Be5) 24. Bf1 $1 $18 Qh5 25. Qb4 Qe5 26. Qxb7 Nf8 (26... Qc7 27. Qxc7 (27. Qxa6 $2 {too greedy.} Qxc1 28. Kf2 Nf8 $19) 27... Bxc7 28. Bxa6 Nc5) 27. Nc6 Qc7 28. Qxb8 {[%emt 0:00:56] Weighted Error Value: White=0.06 (flawless) /Black=0.42} 1-0

[Event "4NCL 2022-2023"]
[Site "Daventry"]
[Date "2023.03.18"]
[Round "7.29"]
[White "Robertson, J Stuart"]
[Black "Redmond, John P."]
[Result "1/2-1/2"]
[ECO "A90"]
[WhiteElo "2155"]
[BlackElo "2196"]
[Annotator "TA"]
[PlyCount "74"]
[EventDate "2022.10.20"]
[EventType "team-tourn"]
[EventCountry "ENG"]
[SourceTitle "playchess.com"]
[Source "ChessBase"]
[SourceQuality "1"]
[TimeControl "40/6000+30:2400+30"]

1. d4 e6 2. c4 f5 3. g3 Nf6 4. Bg2 d5 5. Nc3 c6 6. Qc2 {[%emt 0:00:16] A90: Dutch Defence: Miscellaneous and Modern Stonewall (with ...Bd6).} Bd6 7. Nh3 O-O 8. O-O {[%emt 0:00:04] White has an edge.} Na6 {[%emt 0:18:54] [#]} 9. Rd1 $146 ({Predecessor:} 9. b3 Qe7 10. Rd1 Nb4 11. Qb2 e5 12. a3 exd4 13. Rxd4 Be5 14. Be3 c5 15. axb4 Bxd4 16. Bxd4 cxd4 17. Nxd5 Nxd5 18. Bxd5+ {½-½ Avotins,M (2456)-Poljak,D (2439) Horvath Memorial email 2016}) 9... Bd7 10. Bf4 Be7 11. a3 b5 12. cxb5 {[%emt 0:05:43] White is more active.} cxb5 13. Qd3 Qb6 14. b4 Rfc8 15. Rac1 Rc4 16. f3 ({White should try} 16. Bg5 $11 Nc7 17. Nf4) 16... Rac8 17. e4 {[%emt 0:08:20] [#]} e5 18. Bxe5 $14 fxe4 19. fxe4 dxe4 20. Qd2 {[%emt 0:01:39] Strongly threatening Ng5.} Nxb4 (20... Bg4 $11 21. Rf1 Nxb4 22. axb4 Bxb4) 21. Bxf6 $2 (21. axb4 $16 {is necessary to keep the advantage. Hoping for Ng5.} Bxb4 22. Qa2) 21... Bxf6 $19 22. axb4 {[%emt 0:05:15] Ne2 is the strong threat.} Rxd4 (22... Bxd4+ 23. Kh1 (23. Nf2 $2 e3 $19 {[%mdl 64] Deflection, Double Attack}) 23... Be6 24. Nxe4 $14) (22... Bxh3 23. Bxh3 Rxd4 24. Qa2+ Kf8 25. Rxd4 Rxc3 26. Rxc3 $15) 23. Qf2 {[%emt 0:00:13] [#]} Rxc3 $1 {[%emt 0:00:24][%mdl 576] Remove Defender, Deflection} 24. Nf4 (24. Re1 e3) 24... Rxd1+ (24... Rxb4 25. Qxb6 axb6 26. Rxc3 Bxc3 27. Ne2 $16 (27. Rxd7 Bd4+ 28. Kf1 g5 $16)) 25. Rxd1 Qxf2+ ({Don't blunder} 25... Bg4 $2 26. Qxb6 axb6 27. Re1 $19) (25... Rc1 $142 26. Rxc1 Bd4) 26. Kxf2 Rc2+ 27. Ke3 {[%emt 0:00:35] [#]} Rc3+ $2 (27... Bg4 $1 $19 28. Rd2 Rc4 29. Bxe4 Rxb4) 28. Kxe4 (28. Kf2 $1 $11 Bg4 29. Re1) 28... Bc6+ {[%emt 0:00:26] This pair of bishops is nice.} (28... Bg4 $17 29. Rd2 Rc4+ 30. Kd5 Rxb4) 29. Nd5 ({White has to play} 29. Kf5 $15) 29... Rc2 30. Bf3 Rxh2 31. Rc1 {[%emt 0:02:04] [#]} Bxd5+ ({Not} 31... Bb7 32. Rc7 Bxd5+ 33. Kxd5 $15) 32. Kxd5 $17 {[%emt 0:00:06][%mdl 4096] Endgame KRB-KRB} Rd2+ 33. Ke6 Rd8 34. Bc6 Rc8 35. Kd7 Rd8+ 36. Ke6 $1 Rc8 37. Kd7 {[%emt 0:00:03] Threatening mate with Bd5+.} Rd8+ {[%emt 0:01:15] Weighted Error Value: White=0.53/Black=0.61} (37... Rb8 $17) 1/2-1/2

[Event "4NCL 2022-2023"]
[Site "Daventry"]
[Date "2023.03.18"]
[Round "7.30"]
[White "Kett, Tim"]
[Black "Stewart, Ashley"]
[Result "0-1"]
[ECO "B21"]
[WhiteElo "2130"]
[BlackElo "2051"]
[Annotator "TA"]
[PlyCount "78"]
[EventDate "2022.10.20"]
[EventType "team-tourn"]
[EventCountry "ENG"]
[SourceTitle "playchess.com"]
[Source "ChessBase"]
[SourceQuality "1"]
[TimeControl "40/6000+30:2400+30"]

1. e4 c5 2. Be2 Nc6 3. f4 g6 4. Nf3 Bg7 5. O-O e6 6. d3 {[%emt 0:01:42] B21: Sicilian: 2 f4 and Morra Gambit.} Nge7 7. Qe1 O-O 8. c3 {[%emt 0:03:38] The position is equal.} d5 9. Nbd2 b6 10. Qh4 Ba6 11. e5 (11. Ng5 h6 12. Ngf3 dxe4 13. Nxe4 Bxd3 $17) 11... Nf5 {[%emt 0:06:41] [#]} 12. Qh3 $146 ({Predecessor:} 12. Qf2 d4 13. Ne4 c4 14. dxc4 d3 15. Rd1 Bxc4 16. Ne1 Bd5 17. Rxd3 Qe7 18. Bf3 {1-0 Khalafova,N (2279)-Horak,M (2331) Titled Tuesday intern op 16th June blitz 2020 (2)}) 12... Rc8 13. Rf2 f6 14. exf6 {[%emt 0:03:06][%mdl 64] [#] Remove Defender} Qxf6 15. Nf1 (15. g4 Nd6 $15) 15... Rce8 16. g4 Nd6 (16... Nh6 $2 17. g5 Qf5 18. Qg2 $18) 17. Ng3 $1 (17. Ng5 h6 18. Nf3 d4 $17) 17... Bc8 18. Qg2 (18. Ng5 h6 19. Nf3 e5 $17) 18... Bb7 19. Bd2 d4 20. Raf1 Qe7 21. Qh3 {[%emt 0:01:51] Against Bh6} b5 22. Ng5 h6 23. N5e4 Nxe4 24. Nxe4 (24. dxe4 $16 {aiming for f5.} c4 25. f5) 24... dxc3 $1 $11 25. bxc3 {[%emt 0:00:20] Threatens to win with Be3.} b4 26. cxb4 cxb4 27. Be3 Nd4 28. Bd1 Rc8 29. Bb3 {[%emt 0:01:01] White does not recover from this.} (29. g5 $17 {is a better defense.} Bxe4 30. dxe4 hxg5 31. Bd2 (31. fxg5 Rxf2 32. Bxf2 Qxg5+ 33. Qg2 Qxg2+ 34. Kxg2 a5 $15)) 29... Nxb3 $19 30. axb3 Bxe4 31. dxe4 Rc3 32. Rf3 (32. e5 $142) 32... Rxb3 33. f5 {[%emt 0:00:24] [#]} Rxe3 $1 34. Rxe3 Bd4 35. Qxh6 Qg7 ({Weaker is} 35... Bxe3+ 36. Qxe3 exf5 37. Qb3+ Kg7 38. exf5 $17) 36. Qf4 gxf5 ({Inferior is} 36... Bxe3+ 37. Qxe3 a5 38. fxg6 $17) 37. exf5 (37. Kh1 Bxe3 38. Qxe3 fxe4 39. Rxf8+ Qxf8 40. Qg5+ Qg7 41. Qd8+ Kh7 42. h3) 37... Rxf5 ({Stronger than} 37... Bxe3+ 38. Qxe3 exf5 39. Qb3+ Rf7 40. Qxb4 $11) 38. Qe4 {[%emt 0:00:35] White is weak on the dark squares} Bxe3+ 39. Qxe3 Qxg4+ {[%emt 0:00:29] Weighted Error Value: White=0.49/Black=0.09 (flawless)} 0-1

[Event "4NCL 2022-2023"]
[Site "Daventry"]
[Date "2023.03.18"]
[Round "7.31"]
[White "Starley, Robert"]
[Black "Zeidler, Sven P."]
[Result "1-0"]
[ECO "B08"]
[WhiteElo "2056"]
[BlackElo "2137"]
[Annotator "TA"]
[PlyCount "65"]
[EventDate "2022.10.20"]
[EventType "team-tourn"]
[EventCountry "ENG"]
[SourceTitle "playchess.com"]
[Source "ChessBase"]
[SourceQuality "1"]
[TimeControl "40/6000+30:2400+30"]

1. e4 Nc6 2. Nf3 d6 3. d4 Nf6 4. Nc3 g6 5. Be3 Bg7 6. h3 O-O 7. Qd2 a6 {[%emt 0:06:25] B08: Pirc Defence: Classical System.} 8. g4 {[%emt 0:01:37] [#]} (8. d5 $5 Ne5 9. Nxe5 dxe5 10. f3 $14) 8... e5 $146 ({Predecessor:} 8... b5 9. a3 e5 10. d5 Ne7 11. Be2 Bd7 12. O-O-O Qb8 13. Ne1 b4 14. axb4 Qxb4 {½-½ Baldanjantsan,K (1322)-Kaldarova,A (1578) Eastern Asia-ch U14 Girls 2021 (7)}) 9. d5 Na7 {[%emt 0:02:17][%cal Oa7b5] The position is equal.} 10. O-O-O {[%emt 0:01:05] [#]} (10. a4 $11) 10... Nb5 $1 $15 11. Bd3 $1 Bd7 (11... c6 $15 12. dxc6 bxc6) 12. g5 Nh5 13. Ne2 f5 {[%emt 0:14:13] Strongly threatening ...f4.} 14. gxf6 $1 Qxf6 15. Ng5 Nf4 16. Rdg1 c6 17. dxc6 Nxd3+ 18. Qxd3 bxc6 19. Rg3 (19. a4 Nd4 20. Bxd4 exd4 $15) 19... Nd4 20. Rhg1 d5 21. h4 {[%emt 0:07:07][%cal Oh4h5] aiming for h5!} (21. Nxd4 {keeps more tension.} exd4 22. Nxh7 Kxh7 23. e5) 21... h6 (21... dxe4 $14 22. Nxe4 Nxe2+ 23. Qxe2 Qxh4) 22. Bxd4 $16 exd4 {[%emt 0:00:39] [#]} 23. Ne6 {[%emt 0:09:44][%mdl 64] Discovered Attack, Double Attack} dxe4 (23... Bxe6 $2 24. Rxg6 Qxf2 25. Rxg7+ Kh8 26. R7g6 $18 (26. Nxd4 Qf4+ 27. Qd2 Qf1+ 28. Qd1 Qxd1+ 29. Kxd1 Bf7 $18)) 24. Qxe4 {[%emt 0:00:23] White is much more active.} (24. Qxd4 $16 Qxd4 25. N2xd4) 24... Qxe6 $14 (24... Bxe6 $2 25. Rxg6 (25. Qxg6 $2 Ra7 $19) 25... Bf5 26. Rxg7+ Kh8 27. Qxd4 $18) 25. Qxe6+ {[%emt 0:00:17][%mdl 64] Remove Defender} Bxe6 {[%emt 0:00:05] This pair of bishops is nice.} 26. Rxg6 Rxf2 (26... Ra7 $1 $14 27. Rxe6 d3) 27. Rxg7+ $18 ({Resist} 27. Rxe6 $6 Raf8 $14) 27... Kh8 {[%emt 0:01:18] [#]} 28. R7g6 $1 $36 {[%emt 0:01:28][%cal Rg6h6][%mdl 2048] White is really pushing.} Bf5 29. Rxh6+ Bh7 30. Nxd4 Rd8 $2 (30... c5 $16) 31. Rxc6 (31. Nxc6 $2 {too greedy.} Rxc2+ 32. Kb1 Rxc6+ 33. Rxh7+ Kxh7 $19) 31... Rxd4 (31... a5 $142 32. b3 Rg8) 32. Rc8+ (32. Rxa6 {leads to mate.} Rxc2+ 33. Kb1 Rg2+ {[%mdl 64] Discovered Attack}) 32... Bg8 33. Rgxg8+ {[%emt 0:00:50] Weighted Error Value: White=0.15 (very precise) /Black=0.45} 1-0

[Event "4NCL 2022-2023"]
[Site "Daventry"]
[Date "2023.03.18"]
[Round "7.32"]
[White "Chong, Kimberly"]
[Black "Sivanandan, Bodhana"]
[Result "0-1"]
[ECO "D94"]
[WhiteElo "1699"]
[BlackElo "1725"]
[Annotator "NA RC COMBH"]
[PlyCount "126"]
[EventDate "2022.10.20"]
[EventType "team-tourn"]
[EventCountry "ENG"]
[SourceTitle "playchess.com"]
[Source "ChessBase"]
[SourceQuality "1"]
[TimeControl "40/6000+30:2400+30"]

1. e4 c6 2. d4 d5 3. exd5 cxd5 4. Nf3 Nf6 5. c4 g6 6. Nc3 Bg7 7. Be3 O-O 8. Be2 Nc6 9. O-O b6 10. a3 Bb7 11. b4 dxc4 12. Rc1 e6 13. Bxc4 Ne7 14. Ng5 h6 15. Nf3 Rc8 16. Ne5 Nfd5 17. Nxd5 Nxd5 18. Qg4 Nxe3 19. fxe3 Bxe5 20. dxe5 Qd2 21. Qg3 Kh7 22. Rcd1 Qxg2+ 23. Qxg2 Bxg2 24. Kxg2 Rxc4 25. Rd7 Kg7 26. Rxa7 Re4 27. Kf3 Rxe5 28. a4 Rc8 29. Rb7 Rf5+ 30. Kg2 Rc2+ 31. Kg1 Rxf1+ 32. Kxf1 Ra2 33. Rxb6 Rxa4 34. Kg2 Ra2+ 35. Kg3 Re2 36. Kf4 Rxh2 37. b5 Rb2 38. Rb8 h5 39. b6 h4 40. Kg4 Rb4+ 41. Kh3 g5 42. b7 f5 43. Re8 Rxb7 44. Rxe6 Kf7 45. Re5 Kf6 46. Re8 Rb3 47. Rf8+ Kg7 48. Rxf5 Rxe3+ 49. Kh2 Kg6 50. Rb5 Kh5 51. Ra5 h3 52. Rb5 Kh4 53. Rb4+ g4 54. Rc4 Re2+ 55. Kh1 Kg3 56. Rc3+ Kf2 57. Kh2 Ke1+ 58. Kh1 Kf2 59. Kh2 Re3 60. Rc2+ Kf3 61. Rc7 Re2+ 62. Kg1 Re1+ 63. Kh2 g3+ 0-1

[Event "4NCL 2022-2023"]
[Site "Daventry"]
[Date "2023.03.18"]
[Round "7.33"]
[White "Chow, Samuel"]
[Black "Fernandez, Daniel Howard"]
[Result "0-1"]
[ECO "D31"]
[WhiteElo "2308"]
[BlackElo "2481"]
[Annotator "TA"]
[PlyCount "92"]
[EventDate "2022.10.20"]
[EventType "team-tourn"]
[EventCountry "ENG"]
[SourceTitle "playchess.com"]
[Source "ChessBase"]
[SourceQuality "1"]
[TimeControl "40/6000+30:2400+30"]

1. c4 c6 2. d4 d5 3. Nc3 e6 4. e4 dxe4 5. Nxe4 Bb4+ 6. Nc3 e5 {[%emt 0:05:09] D31: Queen's Gambit Declined: Semi-Slav without ...Nf6 (+ Marshall Gambit and Noteboom) and Exchange Variation lines without ...Nf6.} 7. Be3 exd4 8. Qxd4 Qxd4 {[%emt 0:02:01] The position is equal.} 9. Bxd4 f6 10. a3 Ba5 (10... c5 $2 11. axb4 cxd4 12. Nd5 $18) 11. O-O-O Ne7 {[%emt 0:01:16] [#]} 12. Ne4 $146 ({Predecessor:} 12. Re1 Kf7 13. Bc5 Ng6 14. b4 Bc7 15. Nf3 Bf5 16. Nd4 Bd7 17. Nb3 b6 18. Bd4 {1-0 Capragiu,M (1902)-Bulau,A (2170) ROM-ch Rapid 2022 (2)}) 12... Nf5 {[%emt 0:02:02] Dodges Nd6+} 13. Bc5 {[%emt 0:05:39] Threatens to win with g4.} Bc7 14. Bb4 h5 15. Bd3 Kf7 16. Bc3 Nd6 17. Nf3 Nxe4 18. Bxe4 h4 19. h3 Nd7 20. Rhe1 Rh5 21. Bc2 Nb6 (21... Nf8 $14) 22. b3 $16 Bf5 23. Bxf5 Rxf5 24. Re2 ({White should try} 24. a4 $16 {a5 would be deadly.} Rd8 25. Rxd8 (25. Nxh4 Rxf2 26. Rxd8 Bxd8 $14) 25... Bxd8 26. Rd1 (26. Nxh4 Rxf2 27. Bd4 Rf4 $11)) 24... Re8 $11 25. Rde1 Rxe2 26. Rxe2 g5 27. Kc2 Nd7 28. Rd2 Nc5 29. b4 Ne6 30. Rd7+ Ke8 31. Rh7 b5 32. c5 a6 33. Kb3 (33. Kd3 $14) 33... Be5 34. Rh8+ Kf7 35. Rh7+ Kg6 (35... Ke8 $11) 36. Re7 $16 Nf4 {[%emt 0:00:41] Hoping for ...Bxc3.} 37. Bxe5 (37. Nxe5+ $16 fxe5 38. Rc7 (38. Rxe5 $2 Rxe5 39. Bxe5 Nxg2 $19) (38. Bxe5 Nd5 $11)) 37... Nxg2 $11 {[%emt 0:01:12][%mdl 64] [#] Discovered Attack} 38. Nd4 Rxe5 39. Rxe5 (39. Rd7 $11 {and White is okay.}) 39... fxe5 $19 40. Nxc6 $11 {[%emt 0:00:07][%mdl 4096] Endgame KN-KN} Kf6 {[%emt 0:00:56][%cal Og5g4] ...g4! is the strong threat.} 41. Nd8 $2 {[%emt 0:00:15] [#]} (41. Nb8 Ke6 42. f3 (42. Nxa6 $2 g4 $19)) 41... g4 $1 $19 42. c6 Ke7 ({Stronger than} 42... gxh3 43. c7 h2 44. c8=Q $11 (44. c8=R $2 {too greedy.} h1=Q $19)) 43. Nf7 gxh3 (43... Kxf7 $2 44. c7 $18 (44. hxg4 $2 {loses.} Ke6 $19)) 44. Nxe5 h2 45. c7 h1=Q {[%emt 0:00:00] ( -> ...Qc1)} 46. c8=Q {[%emt 0:00:13] Prevents Qc1} Qb1+ {[%emt 0:00:00] Weighted Error Value: White=0.63/Black=0.13 (very precise)} 0-1

[Event "4NCL 2022-2023"]
[Site "Daventry"]
[Date "2023.03.18"]
[Round "7.34"]
[White "Royal, Shreyas"]
[Black "Wall, Tim P"]
[Result "1-0"]
[ECO "E61"]
[WhiteElo "2452"]
[BlackElo "2239"]
[Annotator "TA"]
[PlyCount "81"]
[EventDate "2022.10.20"]
[EventType "team-tourn"]
[EventCountry "ENG"]
[SourceTitle "playchess.com"]
[Source "ChessBase"]
[SourceQuality "1"]
[TimeControl "40/6000+30:2400+30"]

1. Nf3 g6 2. c4 Bg7 3. Nc3 d6 4. d4 e5 5. e3 Nd7 6. Be2 Ngf6 7. O-O O-O 8. b4 Re8 9. Qc2 e4 {[%emt 0:06:24] E61: King's Indian: Early deviations for White, including Smyslov System.} (9... a5 $11) 10. Nd2 $14 Qe7 11. Bb2 Nf8 {[%emt 0:01:25] White is slightly better.} 12. Rfc1 Bf5 13. Nd5 Nxd5 14. cxd5 Rac8 $1 15. Qa4 a6 {[%emt 0:05:54] [#]} 16. Rc2 $146 ({Predecessor:} 16. Rc3 Bd7 17. Qb3 Bb5 18. Bxb5 axb5 19. Rac1 Qd7 20. Qc2 Qf5 21. Qb3 Re7 22. Nb1 {½-½ Fontaine,Q (2122)-Bojkov,D (2489) BEL-chT 1516 2015 (1.3)}) 16... Nd7 17. Qb3 Nf6 18. Rac1 h5 19. h3 {[%emt 0:15:14] White is more active.} (19. b5 $16) 19... h4 20. Nf1 g5 21. Nh2 {[%emt 0:00:05] Wards off g4} Qd7 22. b5 (22. a4 $5 ) 22... a5 23. b6 {[%emt 0:01:44] [#] Strongly threatening Bb5.} a4 24. Qb5 cxb6 25. Qxb6 Nxd5 26. Qa5 Ne7 27. Bb5 Nc6 28. Qxa4 {[%emt 0:00:06] And now d5 would win.} d5 29. Rc5 Bf8 30. Qd1 Bxc5 31. dxc5 Qe6 32. Qh5 f6 33. Ng4 Rf8 {[%emt 0:00:47][%mdl 8192] This move loses the game for Black.} (33... Bxg4 $11 34. Qg6+ Kf8 35. hxg4 (35. Bxf6 Qg8 $15) 35... Qf7 36. Qxf6 Qxf6 37. Bxf6 Kf7 38. Bxg5 Rg8 39. Bxh4 Rxg4) 34. Nh6+ $18 Kg7 35. Qxg5+ Bg6 36. Ng4 {[%emt 0:00:29] aiming for Qh6+.} (36. Qxh4 Rh8 37. Qg4 Rce8 38. Qxe6 Rxe6 $14) 36... Ne5 37. Qh6+ (37. Qxh4 Rf7 38. Qh6+ (38. Bxe5 fxe5 39. Qh6+ Kg8 $18) 38... Kg8 $18) 37... Kf7 $2 (37... Kg8 38. Bxe5 (38. Qxh4 Nxg4 39. hxg4 Rc7 $16) 38... fxe5) 38. Bxe5 {[%emt 0:00:08] White is clearly winning.} ({Weaker is} 38. Qxh4 Nxg4 39. Qxg4 (39. hxg4 Rh8 $11) 39... Qxg4 40. hxg4 Ke6 $11) 38... fxe5 {[%emt 0:00:21] [#]} 39. Bd7 $1 {[%emt 0:00:08][%mdl 576] Double Attack} Qe7 40. Bxc8 Rxc8 41. Rf1 {[%emt 0:43:05] A cool game by Royal.   Weighted Error Value: White=0.18 (very precise) /Black=0.45} 1-0

[Event "4NCL 2022-2023"]
[Site "Daventry"]
[Date "2023.03.18"]
[Round "7.35"]
[White "Walton, Alan J"]
[Black "Willow, Jonah B"]
[Result "0-1"]
[ECO "D00"]
[WhiteElo "2089"]
[BlackElo "2437"]
[Annotator "TA"]
[PlyCount "142"]
[EventDate "2022.10.20"]
[EventType "team-tourn"]
[EventCountry "ENG"]
[SourceTitle "playchess.com"]
[Source "ChessBase"]
[SourceQuality "1"]
[TimeControl "40/6000+30:2400+30"]

1. d4 Nf6 2. Bg5 d5 3. Bxf6 gxf6 4. c4 e5 5. e3 exd4 6. Qxd4 {[%emt 0:04:05] D00: 1 d4 d5: Unusual lines.} Nc6 7. Qxd5 Qxd5 8. cxd5 {[%emt 0:00:34] The position is equal.} Nb4 9. Bb5+ c6 10. dxc6 bxc6 11. Ba4 Ba6 12. Ne2 Nd3+ 13. Kf1 O-O-O (13... Nxb2 $2 14. Bxc6+ Ke7 15. Bxa8 $18) 14. Nbc3 {[%emt 0:01:38] [#]} (14. Bxc6 $11 {might be stronger.} Nc1 15. Nbc3 Nxe2 16. Nxe2) 14... Nxb2 $146 (14... Kc7 $1 $15) ({Predecessor:} 14... Kc7 15. Rb1 Bb4 16. Kg1 Ne5 17. Ng3 Bxc3 18. bxc3 Rd2 19. Bb3 Rg8 20. h3 c5 {0-1 Owens,J (1600)-Kolanek,R (2102) SB-2016-0-00449}) 15. Bxc6 $14 Rd2 16. Bb5 Bb7 17. Nd4 Bb4 18. Rc1 (18. Nce2 {seems wilder.} Rd8 19. h4 Kc7 20. Nf4) 18... Bxc3 19. Rxc3+ Kb8 20. Be2 {[%emt 0:01:45] Repels Rd1+. Ke1 is the strong threat.} Na4 $1 21. Rc2 Rxc2 22. Nxc2 Rd8 {[%emt 0:19:51] Against Bd3} 23. Nd4 (23. Ke1 $1 $14) 23... Rc8 $1 $11 {[%emt 0:00:21] ( -> ...Rc1+)} 24. Bd1 Nb2 (24... Rc1 $5 25. Ke2 Bxg2 $11) 25. Bc2 {[%emt 0:05:19] [#] aiming for Ke2.} Be4 $1 26. Bxe4 Rc1+ 27. Ke2 Rxh1 28. Bxh7 Rxh2 {[%emt 0:00:12][%mdl 4096] Endgame KRN-KBN} 29. Be4 Rh5 (29... Na4 $5 30. Kd2 Kc7 $17) 30. Nc6+ Kc7 31. Nxa7 Na4 32. Bd3 Nc3+ 33. Kd2 Rc5 34. a4 $1 {[%emt 0:00:07][%mdl 64] [#] Deflection} Nxa4 {[%emt 0:00:19] White must now prevent ...Nc3.} 35. Nb5+ Kd8 36. Nd4 Rh5 37. Be4 Nc5 38. Bf3 Rh1 39. Bd5 Rb1 40. f4 Rb2+ 41. Kc3 Na4+ 42. Kd3 Ke7 43. g4 Rb1 44. Bf3 Nc5+ 45. Kc4 Rc1+ 46. Kd5 Ne6 47. Nf5+ Kf8 48. Nd4 Rf1 {[%emt 0:00:00] And now ...Nxd4 would win.} (48... Rc3 $5 49. Ke4 Rc4 $17) 49. Ke4 Nc5+ 50. Kf5 Re1 51. Nc2 Rc1 52. Nb4 Kg7 53. g5 fxg5 54. Kxg5 Rg1+ 55. Kh4 $1 Nb3 56. Nd5 Nd2 57. Bg4 Ne4 {[%emt 0:00:00] Threatens to win with ...Rh1+.} 58. Bf3 {[%emt 0:00:00] Repels Rh1+} Nd6 59. e4 {[%emt 0:00:00][%cal Be3e4,Be4e5][%mdl 32] Inhibits Nf5+.} Re1 60. e5 Nf5+ 61. Kg5 Nd4 62. Bg4 Rg1 63. Nf6 Ne6+ 64. Kf5 Rf1 65. Nd5 Re1 66. Nf6 Kf8 67. Nd5 Rg1 68. Ne3 Nc5 69. Kg5 Ne4+ 70. Kf5 Nf2 {[%emt 0:00:21] ...Rg3 would be deadly.} 71. Kg5 $2 (71. Bh5 $11) 71... Rg3 {[%emt 0:00:08] Weighted Error Value: White=0.10 (very precise) /Black=0.09 (flawless)} 0-1